 Dungeon Crawl Stone Soup version 0.19.5 (webtiles) character file.

431 Hordtkhen the Skirmisher (level 7, 0/44 HPs)
             Began as a Gargoyle Berserker on Apr 14, 2017.
             Was an Elder of Trog.
             Slain by theAP's ghost (2 damage)
             ... on level 4 of the Dungeon.
             The game lasted 00:19:12 (2384 turns).

Hordtkhen the Skirmisher (Gargoyle Berserker)       Turns: 2384, Time: 00:19:13

Health: 0/44       AC:  9    Str: 21    XL:     7   Next: 0%
Magic:  7/7        EV: 12    Int:  8    God:    Trog [****..]
Gold:   170        SH:  0    Dex: 10    Spells: 0 memorised, 6 levels left

rFire  . . .     SeeInvis .     t - +1 falchion (venom)
rCold  . . .     Gourm    .     f - +0 leather armour (curse)
rNeg   + . .     Faith    .     (no shield)
rPois  ∞         Spirit   .     (no helmet)
rElec  +         Reflect  .     (no cloak)
rCorr  .         Harm     .     A - +0 pair of gloves
MR     .....                    (no boots)
Stlth  +.........               (no amulet)
                                (no ring)
                                (no ring)

@: no status effects
A: negative energy resistance 1, electricity resistance, unbreathing,
petrification resistance, rot immunity, AC +4
a: Berserk, Trog's Hand, Brothers in Arms, Burn Spellbooks, Renounce Religion


You were on level 4 of the Dungeon.
You worshipped Trog.
Trog was greatly pleased with you.
You were not hungry.

You visited 1 branch of the dungeon, and saw 4 of its levels.

You collected 170 gold pieces.

Inventory:

Hand Weapons
 a - a +0 mace
 s - a +0 blowgun
 t - a +1 falchion of venom (weapon)
 v - a +0 vampiric whip
Armour
 f - a cursed +0 leather armour (worn)
 l - a +0 ring mail
 x - a +0 scale mail
 A - a +0 pair of gloves (worn)
Jewellery
 n - an uncursed ring of stealth {unknown}
Wands
 i - a wand of iceblast (0/15)
 u - a wand of paralysis (8/24)
Scrolls
 b - a scroll of immolation {unknown}
 d - a scroll of noise {unknown}
 e - a scroll of fog {unknown}
 j - a scroll of blinking {unknown}
 k - a scroll of random uselessness {unknown}
 m - a scroll of remove curse {unknown}
 y - 3 scrolls of identify {unknown}
Potions
 g - a potion of magic {unknown}
 o - a potion of mutation {unknown}
 p - 2 potions of curing {unknown}
 q - 2 potions of heal wounds {unknown}
 r - 2 potions of might {unknown}
 w - a potion of haste {unknown}
 B - a potion of invisibility {unknown}
 C - a potion of degeneration {unknown}
Comestibles
 c - 3 bread rations
 h - 3 meat rations


   Skills:
 + Level 4.7 Fighting
 + Level 2.3 Long Blades
 + Level 4.6 Maces & Flails
 + Level 2.9 Armour
 + Level 3.3 Dodging
 + Level 0.5 Stealth


You had 6 spell levels left.
You didn't know any spells.

Dungeon Overview and Level Annotations

Branches:
Dungeon (4/15)
 Temple: D:4-7

Altars:

Annotations:
D:4 theAP's ghost, novice FoFi


Innate Abilities, Weirdness & Mutations

You are resistant to torment.
Your stone body is resilient. (AC +4)
You are immune to poison.
You resist negative energy. (rN+)
You are resistant to electric shocks. (rElec)
You can survive without breathing.
You are immune to petrification.
You are immune to rotting.


Message History

Press: ? - help, Shift-Dir - straight line, f/p - theAP's ghost
Aim: theAP's ghost (severely damaged) That beam is likely to hit you.
Continue anyway?
The mass of ice explodes!
The iceblast engulfs theAP's ghost.
TheAP's ghost partially resists.
TheAP's ghost is almost destroyed.
The iceblast engulfs you!
* * * LOW HITPOINT WARNING * * *
Evoking this partially-identified wand wasted a few charges.
TheAP's ghost closely misses you.
You riposte.
You hit theAP's ghost.
TheAP's ghost is almost destroyed.
All of the chunks of flesh in your inventory have rotted away.
You see here a robe.
Zapping:
u - a wand of paralysis {zapped: 3} (will waste charges)
Press: ? - help, Shift-Dir - straight line, f/p - theAP's ghost
Aim: theAP's ghost (almost destroyed, chance to defeat MR: 24%) TheAP's ghost is unaffected.
Evoking this partially-identified wand wasted a few charges.
TheAP's ghost hits you.
You die...

#..........#
.......######.#
####.#.# #.#
#.#.# #.# #...#
#.# # ..# #.#
#..# #.# ..>
#.# #@# #W# #[#
#.# #.# #.#
#### #.# ...#
#.# ##.# #†#


You could see theAP's ghost.

Vanquished Creatures
  A phantom (D:4)
  A scorpion (D:4)
  4 orc priests (D:4)
  An orc wizard (D:3)
  A howler monkey skeleton (D:4)
  4 adders
  2 worms
  A dart slug (D:2)
  2 leopard geckos (D:3)
  16 orcs
  3 giant cockroaches
  5 goblins
  6 hobgoblins
  5 jackals
  10 kobolds
  2 quokkas
  6 bats
  10 frilled lizards
  14 rats
  A plant (D:3)
95 creatures vanquished.

Vanquished Creatures (others)
  2 plants (D:3)
2 creatures vanquished.

Grand Total: 97 creatures vanquished

Notes
Turn   | Place    | Note
-------+----------+-------------------------------------------
     0 | D:1      | Hordtkhen the Gargoyle Berserker began the quest for the Orb.
     0 | D:1      | Reached XP level 1. HP: 14/14 MP: 1/1
   106 | D:1      | Reached XP level 2. HP: 11/19 MP: 2/2
   521 | D:2      | Reached ** piety under Trog
   525 | D:2      | Reached XP level 3. HP: 17/24 MP: 3/3
   872 | D:2      | Reached XP level 4. HP: 27/29 MP: 4/4
  1504 | D:3      | Reached *** piety under Trog
  1516 | D:3      | Reached XP level 5. HP: 25/34 MP: 5/5
  1845 | D:4      | Reached skill level 1 in Long Blades
  1845 | D:4      | Reached XP level 6. HP: 13/39 MP: 6/6
  2241 | D:4      | Noticed a phantom
  2265 | D:4      | Killed a phantom
  2293 | D:4      | Reached **** piety under Trog
  2330 | D:4      | Noticed theAP's ghost (novice FoFi)
  2375 | D:4      | Reached XP level 7. HP: 19/44 MP: 7/7
  2379 | D:4      | HP: 1/44 [shot self (6)]
  2384 | D:4      | Slain by theAP's ghost

Skill      XL: |  1  2  3  4  5  6 |
---------------+-------------------+-----
Fighting       | 4 |  4.7
Dodging        | 2 3 |  3.3
Maces & Flails | 4 |  4.6
Long Blades    | 1 2 |  2.3
Armour         | |  2.9
Stealth        | |  0.5

Action                   |  1- 3 |  4- 6 |  7- 9 || total
-------------------------+-------+-------+-------++-------
Melee: Mace              |   129 |    72 |       ||   201
       Falchion          |       |   114 |     2 ||   116
Evoke: Wand              |       |     1 |     3 ||     4
  Eat: Royal jelly       |       |     1 |       ||     1
       Bread ration      |       |     1 |       ||     1
Armor: Leather armour    |    55 |    76 |       ||   131
       Animal skin       |     2 |       |       ||     2
Dodge: Dodged            |   106 |   114 |     2 ||   222
       Rpst.: Falchion   |       |    28 |     2 ||    30
